 Dungeon Crawl Stone Soup version 0.30-a0-4-ga7cffc901d (webtiles) character file.

Game seed: 10107644281030451584

1405 SensoryNuts the Cleaver (level 8, -4/68 HPs)
             Began as a Green Draconian Fighter on Aug 21, 2022.
             Was an Initiate of Gozag.
             Slain by an orc warrior
             ... wielding a +0 mace
              (10 damage)
             ... on level 6 of the Dungeon.
             The game lasted 00:09:44 (6432 turns).

SensoryNuts the Cleaver (Green Draconian Fighter)   Turns: 6432, Time: 00:09:44

Health: -4/68      AC:  6    Str: 31    XL:     8   Next: 42%
Magic:  8/8        EV: 12    Int:  8    God:    Gozag
Gold:   326        SH:  0    Dex: 10    Spells: 7/7 levels left

rFire   x . .      SeeInvis .    a - +0 war axe
rCold   + . .      Faith    .    b - +0 buckler
rNeg    . . .      Spirit   .    (body armour unavailable)
rPois   +          Reflect  .    (helmet restricted)
rElec   .          Harm     .    (no cloak)
rCorr   .          Rampage  .    (no gloves)
Will    .....                    (no boots)
Stlth   +.........               (no amulet)
HPRegen 0.21/turn                h - ring of the Dancing Gods {Drain rPois rF- rC+ Str+9}
MPRegen 0.11/turn                (no ring)

@: confused, gold aura
A: breathe noxious fumes, AC +6, unfitting armour, poison resistance,
cold-blooded
a: Breathe Noxious Fumes, Renounce Religion, Potion Petition, Call Merchant,
Bribe Branch


You were on level 6 of the Dungeon.
You worshipped Gozag.
Gozag was aware of your devotion.
You visited 2 branches of the dungeon, and saw 7 of its levels.
You also visited: Sewer.

You collected 438 gold pieces.
You paid 112 gold pieces to Gozag.

Inventory:

Hand Weapons
 a - a +0 war axe (weapon)
Armour
 b - a +0 buckler (worn)
 c - a +0 cloak
Jewellery
 h - the ring of the Dancing Gods (left hand) {Drain rPois rF- rC+ Str+9}
   (You acquired it on level 4 of the Dungeon)

   [ring of protection from cold]

   Str:       It affects your strength (+9).
   rF:        It makes you vulnerable to fire.
   rC:        It protects you from cold.
   rPois:     It protects you from poison.
   Drain:     It drains your maximum health when unequipped.
Scrolls
 f - a scroll of teleportation
 j - a scroll of poison
 l - a scroll of magic mapping
 n - a scroll of fear
Potions
 d - a potion of degeneration
 g - a potion of haste
 i - a potion of magic
 m - 2 potions of lignification
 o - 3 potions of brilliance


   Skills:
 + Level 5.2 Fighting
 * Level 8.3 Axes
 + Level 4.6 Dodging
 + Level 2.1 Stealth
 + Level 3.7 Shields


You had 7 spell levels left.
You didn't know any spells.
Your spell library contained the following spells:

 Spells                   Type           Power      Damage    Failure   Level
 Foxfire                  Conj/Fire      0%         2x1d4     50%         1
 Conjure Flame            Conj/Fire      0%         6-21      86%         3
 Frozen Ramparts          Ice            0%         1d1       86%         3
 Inner Flame              Hex/Fire       0%         N/A       86%         3
 Flame Wave               Conj/Fire      0%         2d4       99%         4
 Ice Form                 Ice/Tmut       0%         N/A       99%         4
 Summon Ice Beast         Ice/Summ       0%         N/A       99%         4


Dungeon Overview and Level Annotations

Branches:
Dungeon (6/15)             Temple (1/1) D:5           Sewer (visited)

Altars:
Ashenzari
Cheibriados
Dithmenos
Elyvilon
Fedhas
Gozag
Kikubaaqudgha
Makhleb
Nemelex Xobeh
Okawaru
Qazlal
Ru
Sif Muna
Trog
Uskayaw
Vehumet
Wu Jian
Xom
Yredelemnul
Zin
The Shining One

Shops:
D:1 :

Annotations:
D:2 Sigmund


Innate Abilities, Weirdness & Mutations

You can breathe blasts of noxious fumes.
Your lurid green scales are hard. (AC +6)
You cannot fit into any form of body armour.
Your system is resistant to poisons. (rPois)
You are cold-blooded and may be slowed by cold attacks.


Message History

You are too injured to fight recklessly!
You closely miss the orc wizard.
Your tail-slap misses the orc wizard.
The orc wizard is almost dead.
You slash the orc warrior! The orc wizard barely misses you.
The orc warrior hits you with a +0 mace!
* * * LOW HITPOINT WARNING * * *
The orc warrior barely misses you. You block the orc wizard's attack.
You barely miss the orc wizard.
The orc wizard is almost dead.
You hit the orc warrior. The orc wizard barely misses you.
The orc warrior barely misses you.
Unknown command.
You closely miss the orc wizard.
The orc wizard is almost dead.
You hit the orc warrior but do no damage.
The orc wizard hits you with a +0 dagger.
* * * LOW HITPOINT WARNING * * *
The orc warrior misses you.
Unknown command.
Really quaff the potion of lignification?
Okay, then.
The orc wizard mumbles some strange words.
The orc wizard flickers and vanishes!
Deactivating autopickup; reactivate with Ctrl-A.
The orc warrior hits you with a +0 mace!
* * * LOW HITPOINT WARNING * * *
There is an open door, spattered with blood here.
Okay, then.
The air fills with toxic fumes!
As you read the scroll of poison, it crumbles to dust.
You hear some strange, mumbled words.
You are confused.
The orc warrior misses you.
You are too confused!
Something hits you but does no damage.
Unknown command.
You're too confused to move!
Something completely misses you.
The orc warrior hits you with a +0 mace!
You die...
Your body crumbles into a pile of gold.

................#
................#
................#
##.####.####<####
########.#########
#..§§§§§§#§§§§§§§.
#..§§§§§§#.§§§§§§.
#.(§§§§§§o§{§§§§§.
#........#@§§§§§§.
#.######+###+###§.
#


You could see an orc warrior.

Vanquished Creatures
  Pargi (Sewer)
  2 black bears
  An ogre (D:5)
  2 centaurs
  2 phantoms
  3 scorpions
  A howler monkey (D:5)
  2 hounds (D:4)
  A gnoll bouda (D:5)
  Jessica (D:3)
  An iguana (D:5)
  3 orc wizards
  7 gnolls (D:5)
  9 adders
  2 river rats (D:4)
  A white imp (D:5)
  3 worms
  2 dart slugs (D:1)
  14 orcs
  9 ball pythons
  9 endoplasms
  5 giant cockroaches
  3 hobgoblins
  2 jackals (D:1)
  6 kobolds
  6 quokkas
  4 bats
  8 frilled lizards
  6 goblins
  11 rats
127 creatures vanquished.

Vanquished Creatures (others)
  40 plants (D:3)
40 creatures vanquished.

Grand Total: 167 creatures vanquished

Notes
Turn   | Place    | Note
-------+----------+-------------------------------------------
     0 | D:1      | SensoryNuts the Draconian Fighter began the quest for the
                  | Orb.
     0 | D:1      | Reached XP level 1. HP: 19/19 MP: 1/1
    56 | D:1      | Reached XP level 2. HP: 26/26 MP: 2/2
   138 | D:1      | Found a faded altar of an unknown god.
   290 | D:1      | Found Efocue's Book Shoppe.
   868 | D:1      | Reached XP level 3. HP: 33/33 MP: 3/3
  1224 | D:2      | Reached skill level 3 in Axes
  1540 | D:2      | Noticed a phantom
  1549 | D:2      | Killed a phantom
  1550 | D:2      | Reached XP level 4. HP: 32/40 MP: 4/4
  1552 | D:2      | Reached XP level 5. HP: 37/46 MP: 5/5
  1675 | D:2      | Reached skill level 4 in Axes
  1974 | D:2      | Noticed Sigmund
  3047 | D:3      | Noticed Jessica
  3054 | D:3      | Killed Jessica
  3159 | D:3      | Found a hide-covered altar of Uskayaw.
  3325 | D:3      | Reached XP level 6. HP: 51/52 MP: 6/6
  4003 | D:4      | Reached skill level 5 in Axes
  4003 | D:4      | Reached skill level 1 in Stealth
  4097 | D:4      | Your scales start taking on a lurid green colour.
  4097 | D:4      | Reached XP level 7. HP: 57/60 MP: 7/7
  4097 | D:4      | Gained mutation: Your system is resistant to poisons.
                  | (rPois) [Green Draconian growth]
  4181 | D:4      | Found a glowing drain.
  4194 | Sewer    | Entered a sewer
  4279 | Sewer    | Reached skill level 6 in Axes
  4293 | Sewer    | Noticed Pargi
  4307 | Sewer    | Killed Pargi
  4862 | D:4      | Found a shadowy altar of Dithmenos.
  5236 | D:4      | Identified a scroll of acquirement
  5236 | D:4      | Acquired the ring of the Dancing Gods {Drain rPois rF- rC+
                  | Str+9}
  5280 | D:5      | Entered Level 5 of the Dungeon
  5315 | D:5      | Reached skill level 7 in Axes
  5504 | D:5      | Found a staircase to the Ecumenical Temple.
  5523 | Temple   | Entered the Ecumenical Temple
  5634 | Temple   | Became a worshipper of Gozag Ym Sagoz the Greedy
  5678 | D:5      | Reached XP level 8. HP: 56/67 MP: 8/8
  5780 | D:5      | Reached skill level 5 in Fighting
  5941 | D:5      | Reached skill level 8 in Axes
  6042 | D:5      | Found a white marble altar of Elyvilon.
  6045 | D:5      | Found an iron altar of Okawaru.
  6432 | D:6      | Slain by an orc warrior

Illustrated notes

Levels and vault maps discovered:
D:1:      wander_arrival_fairy_ring, layout_basic, ebering_ecumenical_altar_box,
          serial_shops, nicolae_lakefront_shop
D:2:      layout_basic, uniq_sigmund
D:3:      wad_woods_stonehenge, layout_loops_ring, uniq_jessica
D:4:      minmay_evil_eye, layout_loops_ring, nicolae_dithmenos_the_darkroom,
          portal_sewer_entry_e
D:5:      layout_basic, nicolae_overflow_squiral,
          minmay_temple_entry_statues_fountains
D:6:      layout_gridville, minmay_three_doors
Temple:   compressed_dpeg_circular_temple

Skill      XL: |  1  2  3  4  5  6  7  8 |
---------------+-------------------------+-----
Dodging        | 3 4 |  4.6
Axes           | 3 4 5 7 8 |  8.3
Fighting       | 4 5 |  5.2
Stealth        | 1 2 |  2.1
Shields        | |  3.7

Action                   |  1- 3 |  4- 6 |  7- 9 || total
-------------------------+-------+-------+-------++-------
Melee: War axe           |    74 |   131 |   176 ||   381
       Tailslap          |     5 |    21 |    21 ||    47
  Use: Potion            |     2 |       |     7 ||     9
       Scroll            |       |     3 |    12 ||    15
 Stab: Sleeping          |       |     3 |     5 ||     8
Armor: Skin              |    29 |    61 |    54 ||   144
Dodge: Dodged            |    40 |    84 |   122 ||   246
Block: Buckler           |    20 |    29 |    33 ||    82

Table legend: (Time is in decaauts)
 A = Elapsed time spent in this place.
 B = Non-inter-level travel time spent in this place.
 C = Inter-level travel time spent in this place.
 D = Time resting spent in this place.
 E = Time spent auto-exploring this place.
 F = Levels seen in this place.
 G = Mean time per level.
                   A        B        C        D        E       F      G
               +--------+--------+--------+--------+--------+-----+--------+
         Total |   6540 |   6269 |    271 |     25 |   5145 |   8 |  817.5 |
       Dungeon |   6027 |   5756 |    271 |     25 |   4737 |   6 | 1004.5 |
        Temple |    128 |    128 |      0 |      0 |     87 |   1 |  128.0 |
         Sewer |    384 |    384 |      0 |      0 |    321 |   1 |  384.0 |
               +--------+--------+--------+--------+--------+-----+--------+

Top non-repeatable levels by time:
     D:2: 1527 daAuts
     D:4: 1196 daAuts
     D:1: 1177 daAuts
     D:3: 1093 daAuts
     D:5: 915 daAuts
   Sewer: 384 daAuts
  Temple: 128 daAuts
     D:6: 117 daAuts
